 Dungeon Crawl Stone Soup version 0.28.0-43-g3370ac3207 (console) character file.

Game seed: 10845441877042437669

7277 Cab the Severer (level 10, -8/63 HPs)
             Began as a Demonspawn Fighter on Mar 4, 2022.
             Was a Priest of Hepliaklqana.
             Mangled by a two-headed ogre
             ... wielding a +0 giant club
              (29 damage)
             ... on level 10 of the Dungeon.
             The game lasted 00:32:24 (9364 turns).

Cab the Severer (Demonspawn Fighter)                Turns: 9364, Time: 00:32:24

Health: -8/63      AC:  9    Str: 21    XL:     10   Next: 89%
Magic:  10/10      EV: 13    Int:  9    God:    Hepliaklqana [***...]
Gold:   575        SH:  4    Dex: 13    Spells: 9/9 levels left

rFire   . . .      SeeInvis +   a - +2 war axe
rCold   + . .      Faith    .   c - +0 buckler
rNeg    . . .      Spirit   .   b - +0 scale mail
rPois   .          Reflect  .   u - +1 helmet {SInv}
rElec   .          Harm     .   (no cloak)
rCorr   .          Rampage  .   j - +0 pair of gloves
Will    .....                   (no boots)
Stlth   ..........              (no amulet)
HPRegen 0.20/turn               n - ring of protection from cold
MPRegen 0.12/turn               (no ring)

@: repel missiles
A: reduced essence, claws 2, repulsion field 3, powered by pain 1, spiny 2
a: Renounce Religion, Recall Ancestor, Ancestor Identity, Transference


You were on level 10 of the Dungeon.
You worshipped Hepliaklqana.
Hepliaklqana was most pleased with you.
You visited 2 branches of the dungeon, and saw 11 of its levels.
You also visited: Ossuary.

You collected 575 gold pieces.

Inventory:

Hand Weapons
 a - a +2 war axe (weapon)
 q - a +0 battleaxe
Armour
 b - a +0 scale mail (worn)
 c - a +0 buckler (worn)
 j - a +0 pair of gloves (worn)
 u - a +1 helmet of see invisible (worn)
Jewellery
 m - an amulet of magic regeneration
 n - a ring of protection from cold (left hand)
 o - a ring of fire
 s - a ring of protection from cold
Wands
 r - a wand of iceblast (5)
 w - a wand of charming (4)
Scrolls
 f - 3 scrolls of fear
 g - 3 scrolls of identify
 l - 2 scrolls of enchant weapon
 p - 2 scrolls of amnesia
 x - a scroll of teleportation
Potions
 d - 2 potions of might
 e - 3 potions of haste
 h - 5 potions of heal wounds
 i - 6 potions of curing
 k - 2 potions of flight
 t - 3 potions of brilliance
Miscellaneous
 v - a box of beasts


   Skills:
 + Level 3.0 Fighting
 + Level 15.2 Axes
 + Level 2.6 Armour
 - Level 2.6 Shields
 - Level 1.0 Evocations


You had 9 spell levels left.
You didn't know any spells.
Your spell library contained the following spells:

 Spells                   Type           Power      Damage    Failure   Level
 Shock                    Conj/Air       0%         1d3       83%         1
 Slow                     Hex            0%         N/A       83%         1
 Ensorcelled Hibernation  Hex/Ice        0%         N/A       92%         2
 Passwall                 Tmut/Erth      0%         N/A       92%         2
 Sublimation of Blood     Necr           0%         N/A       92%         2
 Wereblood                Tmut           0%         N/A       92%         2
 Confusing Touch          Hex            0%         N/A       99%         3
 Frozen Ramparts          Ice            0%         1d2       99%         3
 Ignite Poison            Fire/Tmut/Pois 0%         N/A       99%         3
 Mephitic Cloud           Conj/Pois/Air  0%         N/A       99%         3
 Swiftness                Air            0%         N/A       99%         3
 Vampiric Draining        Necr           0%         2d6       99%         3
 Airstrike                Air            0%         N/A       100%        4
 Ice Form                 Ice/Tmut       0%         N/A       100%        4
 Summon Ice Beast         Ice/Summ       0%         N/A       100%        4
 Freezing Cloud           Conj/Ice/Air   0%         6-21      100%        5
 Iskenderun's Battlesphe  Conj           0%         2d6       100%        5
 Iron Shot                Conj/Erth      0%         9d1       100%        6
 Spellforged Servitor     Conj/Summ      0%         N/A       100%        7
 Summon Hydra             Summ           0%         N/A       100%        7


Dungeon Overview and Level Annotations

Branches:
Dungeon (10/15)            Temple (1/1) D:4         Ossuary (visited)
   Lair: D:8-11         Orc: D:9-12

Altars:
Ashenzari
Cheibriados
Dithmenos
Elyvilon
Fedhas
Gozag
Hepliaklqana
Kikubaaqudgha
Makhleb
Nemelex Xobeh
Okawaru
Qazlal
Ru
Sif Muna
Trog
Uskayaw
Vehumet
Wu Jian
Xom
Yredelemnul
Zin
The Shining One


Innate Abilities, Weirdness & Mutations

Your life essence is reduced to manifest your ancestor. (-10% HP)
You have very sharp fingernails.
You are surrounded by a strong repulsion field. (EV +4, RMsl)
You sometimes gain a little power by taking damage.
You are mostly covered in sharp spines.


Message History

The orc hits you but does no damage.
You hit the orc.
The orc is almost dead.
The orc is struck by your spines.
You kill the orc!
Beldrama hits the orc with a +0 quarterstaff!!
The orc dies!
No target in view!
Things that are here:
a +0 mace; an orc corpse
Things that are here:
a +0 club; a +0 leather armour
Things that are here:
a +0 club; an orc corpse You now have 575 gold pieces (gained 16).
There is a dry fountain here.
You pick up a book of Debilitation and begin reading...
You add the spells Slow, Vampiric Draining and Confusing Touch to your library.
A two-headed ogre comes into view. It is wielding two +0 giant clubs.
Okay, then.
Found 6 gold pieces.
You see here 9 gold pieces.
Okay, then.
A two-headed ogre is nearby!
Aiming: Iceblast
Press: ? - help, Shift-Dir - straight line, f - two-headed ogre
Aim: a two-headed ogre, wielding two +0 giant clubs The mass of ice explodes!
The iceblast engulfs the two-headed ogre!
The two-headed ogre is moderately wounded.
Press: ? - help, v - describe, . - travel
Here: a two-headed ogre, wielding two +0 giant clubs (moderately wounded, ally target)
The floor.
The two-headed ogre hits you with a +0 giant club!
The two-headed ogre closely misses you.
Beldrama hits the two-headed ogre with a +0 quarterstaff!
You barely miss the two-headed ogre.
The two-headed ogre is heavily wounded.
The two-headed ogre hits you with a +0 giant club!!
You die...

▒ ∙ ▒▒▒ ▒▒∙ ▒▒∙∙▒
▒∙∙▒▒∙∙∙▒
▒▒▒∙$∙∙∙▒∙▒▒▒▒▒▒
▒▒∙∙∙▒▒∙∙$∙∙∙∙∙∙∙
▒∙∙∙▒∙∙∙∙∙∙▒▒▒▒▒▒
▒▒∙▒∙▒∙∙@R∙∙▒▒
∙∙∙∙∙∙∙∙∙O∙∙∙▒▒▒▒▒▒∙
∙▒∙∙∙∙∙∙<∙∙∙∙∙∙∙∙∙∙
▒▒∙∙∙∙%%∙∙∙∙▒▒▒▒▒
▒∙▒▒▒▒▒)∙)⌠∙∙∙⌠▒▒▒
∙∙∙∙∙)∙))▒▒)∙∙∙∙▒
∙∙▒∙∙∙∙▒∙∙∙▒)∙(∙∙∙∙∙▒
▒∙∙∙∙▒∙)∙∙▒▒▒▒∙∙∙▒∙∙∙▒
∙∙(∙∙∙∙∙∙▒▒ ▒∙∙<▒ ▒▒▒


You could see the friendly Beldrama the battlemage and a two-headed ogre (ally
target).

Vanquished Creatures
  A two-headed ogre (D:9)
  Grinder (D:3)
  A hornet (D:7)
  6 yaks
  A steam dragon (D:9)
  A black bear (D:5)
  2 ice beasts
  2 orc warriors
  3 sky beasts
  A hornet zombie (D:7)
  A necrophage (D:6)
  4 centaurs
  An ogre (D:6)
  3 bullfrogs
  A kobold brigand (D:7)
  A water moccasin zombie (D:6)
  2 water moccasin skeletons
  5 killer bees (D:8)
  6 wights (D:7)
  A howler monkey (D:10)
  A centaur zombie (D:5)
  3 hounds
  A human zombie (Ossuary)
  2 bullfrog zombies
  3 orc priests
  A jelly (D:5)
  A centaur skeleton (D:5)
  A gnoll shaman (D:8)
  A bullfrog skeleton (D:5)
  3 iguanas (D:5)
  An orc wizard (D:9)
  2 killer bee zombies
  3 mummies
  Robin (D:3)
  11 gnolls
  9 adders
  A shadow imp (D:6)
  2 white imps
  An ufetubus (D:6)
  5 adder zombies (Ossuary)
  An adder skeleton (D:4)
  A worm (D:2)
  18 orcs
  6 endoplasms
  3 giant cockroaches
  13 goblins
  8 hobgoblins
  9 kobolds
  2 quokkas
  7 ball pythons
  5 bats
  3 frilled lizards
  2 goblin zombies
  3 hobgoblin zombies (Ossuary)
  5 kobold zombies
  A quokka zombie (Ossuary)
  4 rats (D:2)
  3 rat zombies (Ossuary)
191 creatures vanquished.

Vanquished Creatures (collateral kills)
  A two-headed ogre (D:9)
  A gargoyle (D:9)
  A shadow (D:10)
  3 yaks (D:8)
  2 orc warriors
  An ice beast (D:7)
  A black bear (D:7)
  A bullfrog (D:7)
  A wyvern zombie (D:9)
  A killer bee (D:8)
  2 wights (D:7)
  A jelly (D:7)
  An orc wizard (D:8)
  A mummy (Ossuary)
  A gnoll (D:8)
  6 orcs
25 creatures vanquished.

Grand Total: 216 creatures vanquished

Notes
Turn   | Place    | Note
-------+----------+-------------------------------------------
     0 | D:1      | Cab the Demonspawn Fighter began the quest for the Orb.
     0 | D:1      | Reached XP level 1. HP: 18/18 MP: 1/1
   156 | D:1      | Reached skill level 2 in Axes
   200 | D:1      | Found a faded altar of an unknown god.
   268 | D:1      | Gained mutation: You are partially covered in sharp spines.
                  | [demonic ancestry]
   268 | D:1      | Reached XP level 2. HP: 24/24 MP: 2/2
  1008 | D:2      | Reached skill level 3 in Axes
  1026 | D:2      | Gained mutation: You are surrounded by a mild repulsion
                  | field. (EV +2) [demonic ancestry]
  1026 | D:2      | Reached XP level 3. HP: 29/29 MP: 3/3
  1053 | D:2      | Found a shimmering blue altar of Sif Muna.
  1419 | D:3      | Noticed Grinder
  1430 | D:3      | Paralysed by Grinder for 6 turns
  1434 | D:3      | HP: 1/29 [Grinder (5)]
  1790 | D:3      | Reached skill level 4 in Axes
  1790 | D:3      | Gained mutation: You have sharp fingernails. [demonic
                  | ancestry]
  1790 | D:3      | Reached XP level 4. HP: 35/35 MP: 4/4
  2018 | D:3      | Noticed Robin
  2055 | D:3      | Killed Robin
  2461 | D:3      | Killed Grinder
  2462 | D:3      | Reached skill level 6 in Axes
  2462 | D:3      | Gained mutation: You sometimes gain a little power by
                  | taking damage. [demonic ancestry]
  2462 | D:3      | Reached XP level 5. HP: 28/41 MP: 5/5
  2462 | D:3      | Gained mutation: You are surrounded by a moderate repulsion
                  | field. (EV +3) [demonic ancestry]
  2462 | D:3      | Reached XP level 6. HP: 32/47 MP: 6/6
  3258 | D:4      | Found a staircase to the Ecumenical Temple.
  3656 | D:5      | Entered Level 5 of the Dungeon
  3656 | D:5      | Noticed a sky beast
  3665 | D:5      | Killed a sky beast
  3666 | D:5      | Reached skill level 7 in Axes
  3666 | D:5      | Reached skill level 1 in Evocations
  3666 | D:5      | Gained mutation: You are mostly covered in sharp spines.
                  | [demonic ancestry]
  3666 | D:5      | Reached XP level 7. HP: 43/52 MP: 7/7
  3710 | Temple   | Entered the Ecumenical Temple
  3780 | Temple   | Became a worshipper of Hepliaklqana the Forgotten
  4159 | D:5      | Reached skill level 8 in Axes
  4307 | D:5      | Found a basalt altar of Yredelemnul.
  4346 | D:5      | Reached XP level 8. HP: 37/58 MP: 8/8
  4359 | D:5      | Found a shimmering blue altar of Sif Muna.
  4583 | D:5      | Reached skill level 9 in Axes
  4870 | D:6      | Reached skill level 10 in Axes
  4947 | D:6      | Reached * piety under Hepliaklqana
  5050 | D:6      | Found a sand-covered staircase.
  5058 | Ossuary  | Entered an ossuary
  5660 | D:7      | Gained mutation: You have very sharp fingernails. [demonic
                  | ancestry]
  5660 | D:7      | Reached XP level 9. HP: 51/56 MP: 9/9
  5716 | D:7      | Paralysed by a hornet for 3 turns
  5721 | D:7      | Reached skill level 11 in Axes
  6598 | D:7      | Reached skill level 12 in Axes
  6714 | D:7      | Reached ** piety under Hepliaklqana
  6715 | D:7      | Remembered your ancestor Beldrama as a battlemage
  6959 | D:8      | Found a hide-covered altar of Uskayaw.
  7631 | D:8      | Reached skill level 13 in Axes
  7641 | D:8      | Gained mutation: You are surrounded by a strong repulsion
                  | field. (EV +4, RMsl) [demonic ancestry]
  7641 | D:8      | Reached XP level 10. HP: 33/63 MP: 10/10
  8139 | D:9      | Noticed a two-headed ogre
  8144 | D:9      | Killed a two-headed ogre
  8145 | D:9      | Reached skill level 14 in Axes
  8684 | D:9      | Noticed a two-headed ogre
  8690 | D:9      | Killed a two-headed ogre
  8878 | D:9      | Reached *** piety under Hepliaklqana
  9109 | D:10     | Entered Level 10 of the Dungeon
  9109 | D:10     | Noticed a gargoyle
  9116 | D:9      | Killed a gargoyle
  9318 | D:10     | Reached skill level 15 in Axes
  9354 | D:10     | Noticed a two-headed ogre
  9364 | D:10     | Mangled by a two-headed ogre

Illustrated notes

Levels and vault maps discovered:
D:1:      scummos_arrival_star, layout_loops_corners,
          shapermc_ecumenical_altar_starsandcircs
D:2:      layout_rooms, basic_altar
D:3:      layout_loops_ring, lemuel_doored_altar, minmay_surrounded, uniq_robin,
          uniq_grinder
D:4:      layout_loops_cross, minmay_temple_entry_from_below_a,
          minmay_crossroads
D:5:      layout_cave_pools, nicolae_overflow_squiral
D:6:      layout_loops_ring, nicolae_ossuary_entry_giza, minmay_misc_feat_tiny
D:7:      layout_loops_cross
D:8:      layout_basic, kennysheep_mini
D:9:      layout_cave_pods
D:10:     layout_rooms, orc_0_dummy, grunt_ministairs_1, uniq_erica
Temple:   regret_index_temple_mists

Skill      XL: |  1  2  3  4  5  6  7  8  9 10 |
---------------+-------------------------------+-----
Axes           | 2 3 4 6 7 8 10 13 15 | 15.2
Evocations     | 1 |  1.0
Fighting       | |  3.0
Armour         | |  2.6
Shields        | |  2.6

Action                   |  1- 3 |  4- 6 |  7- 9 | 10-12 || total
-------------------------+-------+-------+-------+-------++-------
Melee: War axe           |    79 |    85 |   256 |    68 ||   488
Invok: Recall Ancestor   |       |       |     1 |       ||     1
       Ancestor Identity |       |       |     1 |       ||     1
       Ancestor Life: Ba |       |       |     1 |       ||     1
Evoke: Wand              |       |     5 |     2 |     6 ||    13
  Use: Scroll            |       |       |    17 |       ||    17
       Potion            |       |       |     2 |       ||     2
 Stab: Distracted        |       |       |       |     1 ||     1
Armor: Scale mail        |    33 |    24 |    79 |    10 ||   146
Dodge: Dodged            |    34 |    35 |   138 |    34 ||   241
Block: Buckler           |    13 |    23 |    49 |    17 ||   102
